 Dungeon Crawl Stone Soup version 0.15-a0-1387-gd422dff (webtiles) character file.

147 Chiseanne the Sneak (level 5, -3/30 HPs)
             Began as a Deep Elf Assassin on June 10, 2014.
             Slain by a scorpion (9 damage)
             ... on Level 4 of the Dungeon.
             The game lasted 00:09:15 (3861 turns).

Chiseanne the Sneak (Deep Elf Assassin)             Turns: 3861, Time: 00:09:15

HP  -3/30        AC  6     Str  8      XL: 5   Next:  8%
MP  10/10        EV 14     Int 16      God:
Gold 155         SH  0     Dex 17      Spells:  0 memorised,  4 levels left

rFire  . . .     SeeInvis .     a - +2 dagger
rCold  . . .     Clarity  .     c - +0 robe
rNeg   . . .     rCorr    .     (no shield)
rPois  .         rRot     .     n - +2 hat
rElec  .         Spirit   .     d - +0 cloak
SustAb .         Warding  .     (no gloves)
rMut   .         Stasis   .     t - +0 pair of boots
Gourm  .                        (no amulet)
MR     .....                    (no ring)
                                (no ring)

@: lethally poisoned, not resistant to hostile enchantments, fairly stealthy
A: no striking features
a: no special abilities


You were on level 4 of the Dungeon.
You were not hungry.

You visited 1 branch of the dungeon, and saw 4 of its levels.

You collected 155 gold pieces.

Inventory:

Hand weapons
 a - a +2,+2 dagger (weapon)
 j - a +1,+2 mace of holy wrath
 w - a +0 blowgun
Missiles
 e - 24 poisoned needles
 f - 2 curare-tipped needles
Armour
 c - a +0 robe (worn)
 d - a +0 cloak (worn)
 n - a +2 hat (worn)
 t - a +0 pair of boots (worn)
Magical devices
 o - a wand of enslavement (6) {unknown}
Comestibles
 g - a bread ration
 i - a slice of pizza
Scrolls
 b - 3 scrolls of teleportation {unknown}
 h - 6 scrolls of remove curse {unknown}
 l - 3 scrolls of identify {unknown}
 m - a scroll of immolation {unknown}
 p - 2 scrolls of enchant weapon I {unknown}
 r - a scroll of enchant armour {unknown}
Potions
 k - 4 potions of curing {unknown}
 q - a potion of poison {unknown}
 s - 2 potions of lignification {unknown}


   Skills:
 * Level 2.1 Fighting
 - Level 2.0 Short Blades
 - Level 2.1 Throwing
 * Level 4.0 Dodging
 * Level 6.4 Stealth


You had 4 spell levels left.
You didn't know any spells.

Dungeon Overview and Level Annotations

Branches:
Dungeon (4/15)
 Temple: D:4-7

Altars:
Elyvilon
Trog
Xom
Zin

Annotations:
D:3 Chiseanne's ghost, average HuAs


Message History

You hit the scorpion.
The scorpion is heavily wounded.
You feel sick. The scorpion barely misses you.
You hit the scorpion.
The scorpion is almost dead.
You feel sick. The scorpion misses you.
You hit the scorpion.
The scorpion is almost dead.
* * * LOW HITPOINT WARNING * * *
You feel sick.
The scorpion stings you but does no damage.
You closely miss the scorpion.
The scorpion is almost dead.
* * * LOW HITPOINT WARNING * * *
You feel sick. The scorpion barely misses you.
You barely miss the scorpion.
The scorpion is almost dead.
* * * LOW HITPOINT WARNING * * *
You feel sick. The scorpion stings you!
You die...

# ... ## ..S.. ... .....
..s .##.# #.. ##.##.#
#..# #..##.# ...###.#
#.# ##
###.###.#...###.###.....
........%..s@.$$.....(..
....###..######.###.....
#.?# #.# . ..... #.#
#....) #.# #.....#
#.####### #(....#
#.##....# #.....#
#.##....# .....
#.##....#


You could see a scorpion.

Vanquished Creatures
  An iguana (D:2)
  An ogre skeleton (D:4)
  4 adders
  A giant gecko (D:1)
  An orc (D:3)
  A ball python (D:2)
  12 bats
  A bat skeleton (D:4)
  A giant cockroach (D:1)
  10 hobgoblins
  6 jackals
  9 kobolds
  2 quokkas
  3 giant newts
  8 goblins
  11 rats
72 creatures vanquished.

Notes
Turn   | Place    | Note
--------------------------------------------------------------
     0 | D:1      | Chiseanne, the Deep Elf Assassin, began the quest for the Orb.
     0 | D:1      | Reached XP level 1. HP: 12/12 MP: 2/2
   107 | D:1      | Reached skill level 5 in Stealth
   261 | D:1      | Reached XP level 2. HP: 15/17 MP: 4/4
  1002 | D:2      | Found a white marble altar of Elyvilon.
  1184 | D:2      | Reached XP level 3. HP: 17/21 MP: 6/6
  1569 | D:2      | Reached skill level 6 in Stealth
  2230 | D:2      | Reached XP level 4. HP: 26/26 MP: 8/8
  3213 | D:3      | Found a bloodstained altar of Trog.
  3313 | D:3      | Noticed Chiseanne's ghost (average HuAs)
  3429 | D:3      | Noticed an angel
  3429 | D:3      | Found a glowing silver altar of Zin.
  3429 | D:3      | Found a shimmering altar of Xom.
  3827 | D:4      | Reached XP level 5. HP: 30/30 MP: 10/10
  3861 | D:4      | Slain by a scorpion

Action                   |  1- 3 |  4- 6 || total
-------------------------+-------+-------++-------
Melee: Dagger            |   108 |   111 ||   219
 Fire: Blowgun           |       |     9 ||     9
  Use: Potion            |     2 |       ||     2
 Stab: Sleeping          |     6 |     3 ||     9
